 Dungeon Crawl Stone Soup version 0.29-a0-721-g7f417c9bbb (webtiles) character file.

Game seed: 16358666992401154768

134 Mgcat the Trooper (level 5, -5/55 HPs)
             Began as an Ogre Fighter on June 27, 2022.
             Killed from afar by an orc wizard (12 damage)
             ... with a puff of flame
             ... on level 3 of the Dungeon.
             The game lasted 00:02:33 (2613 turns).

Mgcat the Trooper (Ogre Fighter)                    Turns: 2613, Time: 00:02:34

Health: -5/55      AC:  3    Str: 22    XL:     5   Next: 17%
Magic:  5/5        EV:  8    Int:  9    God:
Gold:   173        SH:  7    Dex:  8    Spells: 4/4 levels left

rFire   . . .      SeeInvis .   l - +2 dagger (venom)
rCold   . . .      Faith    .   c - +0 kite shield
rNeg    . . .      Spirit   .   b - +0 robe
rPois   .          Reflect  .   (helmet restricted)
rElec   .          Harm     .   (no cloak)
rCorr   .          Rampage  .   (gloves unavailable)
Will    .....                   (boots unavailable)
Stlth   +.........              (no amulet)
HPRegen 0.18/turn               (no ring)
MPRegen 0.09/turn               (no ring)

@: mighty
A: large, unfitting armour, tough skin 1
a: no special abilities


You were on level 3 of the Dungeon.
You visited 1 branch of the dungeon, and saw 3 of its levels.

You collected 173 gold pieces.

Inventory:

Hand Weapons
 a - a +0 war axe
 l - a +2 dagger of venom (weapon)
   (You took it off a goblin on level 1 of the Dungeon)
Armour
 b - a +0 robe (worn)
 c - a +0 kite shield (worn)
Scrolls
 g - a scroll of vulnerability {unknown}
 h - a scroll of teleportation {unknown}
 i - a scroll of noise {unknown}
 j - 3 scrolls of poison {unknown}
 m - a scroll of fear {unknown}
 o - 2 scrolls of identify {unknown}
 q - a scroll of enchant armour {unknown}
 r - a scroll of amnesia {unknown}
 s - a scroll of magic mapping {unknown}
Potions
 d - a potion of might
 e - 2 potions of brilliance {unknown}
 f - 2 potions of mutation {unknown}
 k - a potion of berserk rage {unknown}
 n - 2 potions of magic {unknown}
 p - 2 potions of heal wounds {unknown}


   Skills:
 + Level 4.8 Fighting
 * Level 3.5 Axes
 + Level 3.3 Dodging
 + Level 3.6 Shields


You had 4 spell levels left.
You didn't know any spells.
Your spell library was empty.

Dungeon Overview and Level Annotations

Branches:
Dungeon (3/15)

Altars:


Innate Abilities, Weirdness & Mutations

You are too large for most types of armour.
You have tough skin. (AC +1)


Message History

The orc throws a stone.
The stone hits you but does no damage.
The orc throws a stone.
You block the stone.
The orc throws a stone.
The stone barely misses you.
Spoiler Alert: The orc wizard might cast Slow, Confuse, Throw Flame, Throw Frost, or go Invisible!
The orc throws a stone.
You block the stone.
Spoiler Alert: The orc wizard might cast Slow, Confuse, Throw Flame, Throw Frost, or go Invisible!
Spoiler Alert: The orc wizard might cast Slow, Confuse, Throw Flame, Throw Frost, or go Invisible!
The orc throws a stone.
You block the stone.
There are monsters nearby!
You start resting.
An orc is nearby!
The orc throws a stone.
The stone hits you but does no damage.
You hit the orc.
The orc is poisoned.
The orc is lightly wounded.
The orc closely misses you.
Spoiler Alert: The orc wizard might cast Slow, Confuse, Throw Flame, Throw Frost, or go Invisible!
You hit the orc.
The orc looks as sick as possible!
The orc is severely wounded.
The orc barely misses you.
Spoiler Alert: The orc wizard might cast Slow, Confuse, Throw Flame, Throw Frost, or go Invisible!
You hit the orc.
You kill the orc!
You hear some strange, mumbled words.
A puff of flame appears from out of thin air!
The puff of flame misses you.
Spoiler Alert: The orc wizard might cast Slow, Confuse, Throw Flame, Throw Frost, or go Invisible!
You hit the orc wizard.
The orc wizard is poisoned.
The orc wizard is lightly wounded.
The orc wizard hits you with a +1 dagger of venom.
You are poisoned.
You take 4 damage, and have 37/49 hp.
Lua error: [string "/dgldir/rcfiles/crawl-git/Mgcat.rc"]:930: invalid capture index You barely miss the orc wizard.
The orc wizard is lightly wounded.
You feel very sick.
The orc wizard points at you and mumbles some strange words.
The magic dart hits you! You block the orc wizard's attack.
You take 12 damage, and have 25/49 hp.
MASSIVE DAMAGE!!
Spoiler Alert: The orc wizard (very poisoned) might cast Slow, Confuse, Throw Flame, Throw Frost, or go Invisible!
You are too injured to fight recklessly!
Lua error: [string "/dgldir/rcfiles/crawl-git/Mgcat.rc"]:930: invalid capture index You are too injured to fight recklessly!
Lua error: [string "/dgldir/rcfiles/crawl-git/Mgcat.rc"]:930: invalid capture index You are too injured to fight recklessly!
Lua error: [string "/dgldir/rcfiles/crawl-git/Mgcat.rc"]:930: invalid capture index You hit the orc wizard but do no damage.
The orc wizard looks as sick as possible!
The orc wizard is lightly wounded.
You feel sick. You block the orc wizard's attack.
You take 2 damage, and have 23/49 hp.
Spoiler Alert: The orc wizard (extremely poisoned) might cast Slow, Confuse, Throw Flame, Throw Frost, or go Invisible!
You hit the orc wizard.
The orc wizard is almost dead.
You feel sick.
You kill the orc wizard!
You have reached level 5!
You regained 2 hp, and now have 25/55 hp.
MP restored: 5 Unknown command.
Unknown command.
You hit the orc.
The orc is poisoned.
The orc is heavily wounded.
You feel sick. You block the orc's attack.
You take 1 damage, and have 24/55 hp.
You barely miss the orc.
The orc is heavily wounded.
You feel sick. The orc closely misses you.
You take 2 damage, and have 22/55 hp.
You hit the orc.
You kill the orc!
You feel sick.
You take 1 damage, and have 21/55 hp.
You barely miss something.
You feel sick.
You are no longer poisoned.
Something hits you.
You take 1 damage, and have 20/55 hp.
You barely miss something.
You hear some strange, mumbled words.
A puff of flame appears from out of thin air!
The puff of flame hits you!
* * * LOW HITPOINT WARNING * * *
You take 10 damage, and have 10/55 hp.
You miss something. Something hits you.
* * * LOW HITPOINT WARNING * * *
You take 1 damage, and have 9/55 hp.
You feel very mighty all of a sudden. You block something's attack.
You miss something. You block something's attack.
Something completely misses you.
You hit something. Something hits you.
* * * LOW HITPOINT WARNING * * *
You take 2 damage, and have 8/55 hp.
You completely miss something. Something hits you.
* * * LOW HITPOINT WARNING * * *
You take 1 damage, and have 7/55 hp.
You miss something.
An orc wizard appears from thin air!
Reactivating autopickup.
The orc wizard gestures at you while chanting.
The puff of flame hits you!
You die...

###.#######..###....
#<.....##...........
#......)..#..####...
#........###........
#......#...##.###...
###.####....#.###..#
#.# #...........#
#.# ##...##..#....
#@# #...........##
#o###.##.###.o#.##
#)##..##.......{##
#.....########.o..
###...# #####..[o
#...####........
######...####.##
####......####...##
#....#######...#.#.


You could see an orc wizard (very poisoned).

Vanquished Creatures
  An orc wizard (D:3)
  3 gnolls (D:2)
  2 adders
  A dart slug (D:1)
  3 orcs (D:3)
  5 ball pythons
  7 endoplasms
  5 goblins
  A hobgoblin (D:3)
  7 jackals
  3 kobolds
  3 quokkas
  5 bats
  5 frilled lizards
  5 rats
56 creatures vanquished.

Notes
Turn   | Place    | Note
-------+----------+-------------------------------------------
     0 | D:1      | Mgcat the Ogre Fighter began the quest for the Orb.
     0 | D:1      | Reached XP level 1. HP: 24/24 MP: 1/1
   227 | D:1      | Reached XP level 2. HP: 30/32 MP: 2/2
   250 | D:1      | Found a faded altar of an unknown god.
   993 | D:2      | Reached XP level 3. HP: 39/39 MP: 3/3
  1143 | D:2      | Reached skill level 3 in Dodging
  1154 | D:2      | Reached skill level 3 in Axes
  1161 | D:2      | Reached XP level 4. HP: 21/49 MP: 4/4
  2602 | D:3      | Reached XP level 5. HP: 25/55 MP: 5/5
  2606 | D:3      | HP: 10/55 [something/puff of flame (10)]
  2611 | D:3      | HP: 8/55 [something (2)]
  2613 | D:3      | Killed from afar by an orc wizard

Illustrated notes

Levels and vault maps discovered:
D:1:      dpeg_arrival_line_fractal, layout_loops_ring,
          chequers_ecumenical_altar_island, minmay_tiny_reverse_x
D:2:      layout_loops_ring, serial_glass, glass_columns_a, glass_columns_a
D:3:      layout_rooms, nicolae_overflow_ecumenical_swirl,
          nicolae_ru_the_path_less_chosen, uniq_jessica

Skill      XL: |  1  2  3 |
---------------+----------+-----
Dodging        | 3 |  3.3
Axes           | 3 |  3.5
Fighting       | |  4.8
Shields        | |  3.6

Action                   |  1- 3 |  4- 6 || total
-------------------------+-------+-------++-------
Melee: War axe           |    23 |       ||    23
       Dagger            |    41 |   102 ||   143
  Use: Potion            |       |     1 ||     1
Armor: Robe              |    14 |    21 ||    35
Dodge: Dodged            |    17 |    26 ||    43
Block: Kite shield       |    25 |    32 ||    57

Table legend: (Time is in decaauts)
 A = Elapsed time spent in this place.
 B = Non-inter-level travel time spent in this place.
 C = Inter-level travel time spent in this place.
 D = Time resting spent in this place.
 E = Time spent auto-exploring this place.
 F = Levels seen in this place.
 G = Mean time per level.
                   A        B        C        D        E       F      G
               +--------+--------+--------+--------+--------+-----+--------+
         Total |   2646 |   2567 |     79 |    175 |   2006 |   3 |  882.0 |
       Dungeon |   2646 |   2567 |     79 |    175 |   2006 |   3 |  882.0 |
               +--------+--------+--------+--------+--------+-----+--------+

Top non-repeatable levels by time:
     D:2: 1035 daAuts
     D:1: 993 daAuts
     D:3: 617 daAuts

Table legend:
 A = Kills in this place as a percentage of kills in entire the game.
 B = Kills by you in this place as a percentage of kills by you in the entire game.
 C = Kills by friends in this place as a percentage of kills by friends in the entire game.
 D = Other kills in this place as a percentage of other kills in the entire game.
 E = Experience gained in this place as a percentage of experience gained in the entire game.
 F = Experience gained in this place divided by the number of levels of this place that you have seen.
                   A       B       C       D       E      F
               +-------+-------+-------+-------+-------+----------------------
         Total | 100.0 | 100.0 |   N/A |   N/A | 100.0 |  64.0
       Dungeon | 100.0 | 100.0 |   N/A |   N/A | 100.0 |  64.0
               +-------+-------+-------+-------+-------+----------------------
